 Dungeon Crawl Stone Soup version 0.31-a0-16-g6d2539766c (webtiles) character file.

Game seed: 403642991056503655

876 Pooter the Chopper (level 7, 0/63 HPs)
             Began as a Minotaur Monk on May 8, 2023.
             Was a Believer of Okawaru.
             Slain by an orc warrior
             ... wielding a +0 long sword
              (11 damage)
             ... on level 6 of the Dungeon.
             The game lasted 00:21:10 (5010 turns).

Pooter the Chopper (Minotaur Monk)                  Turns: 5010, Time: 00:21:10

Health: 0/63       AC: 12    Str: 17    XL:     7   Next: 74%
Magic:  5/6        EV:  8    Int:  7    God:    Okawaru [**....]
Gold:   334        SH:  0    Dex: 13    Spells: 6/6 levels left

rFire   . . .        a - +2 falchion (heavy)
rCold   . . .        (no shield)
rNeg    . . .        m - +2 chain mail {rPois}
rPois   +            (helmet restricted)
rElec   .            n - +0 cloak
rCorr   .            (no gloves)
SInv    .            j - +0 pair of boots
Will    .....        (no amulet) Stlth
                     (no ring)
HPRegen 0.30/turn    (no ring)
MPRegen 0.10/turn

%: no passive effects
@: lethally poisoned (0 -> -3)
A: horns 2, retaliatory headbutt
a: Renounce Religion, Heroism


You were on level 6 of the Dungeon.
You worshipped Okawaru.
Okawaru was pleased with you.
You visited 2 branches of the dungeon, and saw 9 of its levels.

You collected 353 gold pieces.
You spent 19 gold pieces at shops.

Inventory:

Hand Weapons
 a - a +2 heavy falchion (weapon)
   (You took it off Robin on level 3 of the Dungeon)
 b - a +0 longbow
   (You found it on level 7 of the Dungeon)
 t - a +0 flail
   (You took it off an orc priest on level 2 of the Dungeon)
 z - a +0 hand axe
Missiles
 u - a boomerang
 v - a throwing net {!f}
 x - 5 atropa-tipped darts
 C - 5 poisoned darts
 Q - 44 stones (quivered)
Armour
 j - a +0 pair of boots (worn)
   (You found it on level 1 of the Dungeon)
 m - a +2 chain mail of poison resistance (worn)
   (You took it off Terence on level 2 of the Dungeon)
 n - a +0 cloak (worn)
   (You found it on level 1 of the Dungeon)
 B - a +0 plate armour
   (You found it on level 4 of the Dungeon)
Jewellery
 W - a ring of wizardry
   (You found it on level 2 of the Dungeon)
Wands
 d - a wand of iceblast (8)
   (You found it on level 7 of the Dungeon)
Scrolls
 e - a scroll of torment {!r}
 k - a scroll of silence {unknown}
 q - a scroll of vulnerability {!r}
 s - a scroll of noise {unknown}
 w - a scroll of poison {unknown}
 y - a scroll of teleportation {unknown}
 A - a scroll of fear
 D - a scroll of amnesia {unknown}
Potions
 c - a potion of ambrosia
 f - a potion of degeneration {unknown}
 g - 2 potions of lignification {unknown}
 i - 2 potions of haste {@q3}
 l - a potion of magic {unknown}
 o - a potion of heal wounds {unknown}
 p - 3 potions of curing {unknown}
 r - 2 potions of flight {unknown}


   Skills:
 + Level 6.0 Fighting
 * Level 3.9 Long Blades
 - Level 6.3 Axes
 * Level 5.0 Ranged Weapons
 - Level 3.2 Dodging
 - Level 2.2 Stealth


You had 6 spell levels left.
You didn't know any spells.
Your spell library contained the following spells:

 Spells                   Type           Power      Damage    Failure   Level
 Slow                     Hex            0%         N/A       99%         1
 Confusing Touch          Hex            0%         N/A       100%        3
 Vampiric Draining        Necr           0%         2d6       100%        3


Dungeon Overview and Level Annotations

Branches:
Dungeon (8/15)             Temple (1/1) D:4            Lair (0/5) D:8

Altars:
Ashenzari
Cheibriados
Dithmenos
Elyvilon
Gozag
Hepliaklqana
Makhleb
Nemelex Xobeh
Okawaru
Qazlal
Sif Muna
Trog
Uskayaw
Vehumet
Wu Jian
Xom
Yredelemnul
Zin
The Shining One

Shops:
D:2 (

Annotations:
D:4 2 transporters, hattop's ghost, amateur KoBr


Innate Abilities, Weirdness & Mutations

You have a pair of horns on your head.
You reflexively headbutt those who attack you in melee.


Message History

The orc warrior hits you with a +0 long sword.
Your Fighting skill increases to level 6!
Your Ranged Weapons skill increases to level 5!
You gain the combat prowess of a mighty hero.
The orc wizard mumbles some strange words.
The orc wizard flickers and vanishes!
Deactivating autopickup; reactivate with Ctrl-A.
The orc warrior hits you with a +0 long sword.
An adder comes into view.
You barely miss the orc warrior.
The adder hisses angrily.
The orc warrior barely misses you.
You closely miss the orc warrior. Your headbutt misses the orc warrior.
The orc warrior barely misses you. The orc warrior misses you.
You completely miss the orc warrior.
You headbutt the orc warrior, but do no damage.
The orc warrior hits you but does no damage.
You slash the orc warrior!
The orc warrior hits you with a +0 long sword.
The adder closely misses you.
You slash the orc warrior!
You headbutt the orc warrior, but do no damage.
The orc warrior hits you with a +0 long sword.
The adder bites you but does no damage. The orc warrior closely misses you.
You hit the orc warrior but do no damage.
The adder bites you. The adder closely misses you.
The orc warrior hits you with a +0 long sword!
You closely miss the orc warrior. Your headbutt misses the orc warrior.
You feel like a meek peon again. The adder bites you but does no damage.
The orc warrior hits you with a +0 long sword!
* * * LOW HITPOINT WARNING * * *
You hit the orc warrior. Your headbutt misses the orc warrior.
The adder bites you.
* * * LOW HITPOINT WARNING * * *
The orc warrior hits you with a +0 long sword.
* * * LOW HITPOINT WARNING * * *
The adder bites you but does no damage.
The orc warrior hits you with a +0 long sword!
* * * LOW HITPOINT WARNING * * *
The adder bites you.
* * * LOW HITPOINT WARNING * * *
You are poisoned.
The adder poisons you!
Unknown command.
You hit the orc warrior. Your headbutt misses the orc warrior.
You feel very sick. The adder bites you but does no damage.
The orc warrior hits you with a +0 long sword!
You die...

.......... .. ##..
.........##.# ##...
............ ##...#
..........##....####
..................# .
#.... #.........#..
#.S####.#..........
#@##..............
####o#...............
.##...{o..Wo#..........
........................
..#........o............
#.........†.....####..
#..........>....## .
##..#..#........#
#[.....##.....###


You could see an orc warrior, an adder and an orc.

Vanquished Creatures
  Grinder (D:3)
  2 phantoms
  A scorpion (D:4)
  3 orc priests
  An iguana (D:6)
  A jelly (D:4)
  Terence (D:2)
  An orc wizard (D:7)
  A sleepcap (D:5)
  Robin (D:3)
  8 gnolls
  5 adders
  2 shadow imps
  A white imp (D:5)
  2 ufetubi (D:4)
  2 dart slugs (D:3)
  12 orcs
  7 ball pythons
  4 endoplasms
  A giant cockroach (D:2)
  11 goblins
  6 hobgoblins
  2 jackals (D:1)
  7 kobolds
  7 quokkas
  7 bats
  2 rats
99 creatures vanquished.

Notes
Turn   | Place    | Note
-------+----------+-------------------------------------------
     0 | D:1      | Pooter the Minotaur Monk began the quest for the Orb.
     0 | D:1      | Reached XP level 1. HP: 19/19 MP: 0/0
   174 | D:1      | Reached XP level 2. HP: 27/27 MP: 1/1
   269 | D:1      | Reached skill level 1 in Stealth
   920 | D:2      | Reached XP level 3. HP: 32/33 MP: 2/2
  1245 | D:2      | Reached XP level 4. HP: 40/40 MP: 3/3
  1273 | D:2      | Noticed Terence
  1287 | D:2      | Killed Terence
  1378 | D:2      | Reached skill level 5 in Axes
  1384 | D:2      | Found Kilawa Tikh's Weapon Shoppe.
  1392 | D:2      | Bought a +0 sling for 19 gold pieces
  1887 | D:3      | Found a faded altar of an unknown god.
  2077 | D:3      | Noticed Grinder
  2078 | D:3      | Paralysed by Grinder for 3 turns
  2095 | D:3      | Paralysed by Grinder for 4 turns
  2103 | D:3      | Killed Grinder
  2104 | D:3      | Reached XP level 5. HP: 15/47 MP: 4/4
  2104 | D:3      | Reached XP level 6. HP: 18/55 MP: 5/5
  2455 | D:2      | Reached skill level 5 in Fighting
  3108 | D:3      | Noticed Robin
  3122 | D:3      | Killed Robin
  3481 | D:4      | Found a transporter.
  3512 | D:4      | Found a staircase to the Ecumenical Temple.
  3519 | Temple   | Entered the Ecumenical Temple
  3624 | Temple   | Became a worshipper of Warmaster Okawaru
  3624 | Temple   | Reached * piety under Okawaru
  3624 | Temple   | Reached ** piety under Okawaru
  3666 | D:4      | Reached skill level 1 in Long Blades
  3728 | D:4      | Reached XP level 7. HP: 61/61 MP: 6/6
  3828 | D:4      | Noticed hattop's ghost (amateur KoBr)
  3829 | D:4      | Found a transporter.
  4151 | D:4      | Found a burning altar of Makhleb.
  4250 | D:5      | Entered Level 5 of the Dungeon
  4470 | D:5      | Found a sparkling altar of Nemelex Xobeh.
  4593 | D:5      | Found a shimmering blue altar of Sif Muna.
  4736 | D:5      | You fall into a shaft and drop 3 floors!
  4799 | D:8      | Found a staircase to the Lair.
  5001 | D:6      | Reached skill level 5 in Ranged Weapons
  5010 | D:6      | Slain by an orc warrior

Illustrated notes

Levels and vault maps discovered:
D:1:      mushboom_english_gardens, layout_basic
D:2:      wad_woods_tower, layout_basic, serial_shops, shop, uniq_terence
D:3:      layout_basic, shapermc_ecumenical_altar_mp_highgroup, uniq_grinder,
          uniq_robin
D:4:      layout_basic, bloody_makhleb, minmay_temple_entry_gardened_gates,
          gammafunk_ghost_arena, kennysheep_minor_cross,
          dreamdust_princess_corridor, bh_walls_and_bars
D:5:      layout_loops_corners, mainiacjoe_overflow_brackets,
          nemelex_xobeh_ov_fountains_minmay
D:6:      layout_cave_pools
D:7:      layout_cave_pods, fedhas_altar_4
D:8:      layout_gridville, nicolae_ru_great_annihilating_truth,
          david_lair_shrubbed, serial_shops, shop, enter_bailey_7
Temple:   nicolae_temple_elliptical

Skill      XL: |  1  2  3  4  5  6  7 |
---------------+----------------------+-----
Axes           | 4 6 |  6.3
Stealth        | 1 2 |  2.2
Fighting       | 4 5 6 |  6.0
Ranged Weapons | 2 3 5 |  5.0
Long Blades    | 1 3 |  3.9
Dodging        | |  3.2

Action                     |  1- 3 |  4- 6 |  7- 9 || total
---------------------------+-------+-------+-------++-------
  Melee: Hand axe          |    69 |    39 |       ||   108
         Headbutt          |    12 |    14 |     9 ||    35
         Flail             |       |    36 |       ||    36
         Falchion          |       |    21 |    68 ||    89
   Fire: Sling             |       |    25 |    12 ||    37
         Longbow           |       |       |     3 ||     3
  Throw: Stone             |       |     7 |       ||     7
         Throwing net      |       |     2 |       ||     2
 Invoke: Heroism           |       |       |     2 ||     2
    Use: Scroll            |       |     2 |     3 ||     5
 Armour: Robe              |     6 |       |       ||     6
         Scale mail        |    31 |     8 |       ||    39
         Chain mail        |       |    64 |    46 ||   110
  Dodge: Dodged            |    36 |    48 |    33 ||   117
  Block: Buckler           |       |    17 |     7 ||    24

Table legend: (Time is in decaauts)
 A = Elapsed time spent in this place.
 B = Non-inter-level travel time spent in this place.
 C = Inter-level travel time spent in this place.
 D = Time resting spent in this place.
 E = Time spent auto-exploring this place.
 F = Levels seen in this place.
 G = Mean time per level.
                   A        B        C        D        E       F      G
               +--------+--------+--------+--------+--------+-----+--------+
         Total |   5112 |   5025 |     87 |    635 |   3361 |   9 |  568.0 |
       Dungeon |   4996 |   4919 |     77 |    635 |   3274 |   8 |  624.5 |
        Temple |    116 |    106 |     10 |      0 |     87 |   1 |  116.0 |
               +--------+--------+--------+--------+--------+-----+--------+

Top non-repeatable levels by time:
     D:2: 1357 daAuts
     D:3: 1163 daAuts
     D:4: 872 daAuts
     D:1: 812 daAuts
     D:5: 501 daAuts
     D:8: 126 daAuts
  Temple: 116 daAuts
     D:7: 111 daAuts
     D:6: 50 daAuts
